 Dungeon Crawl Stone Soup version 0.31-a0-523-g071a6c1ffa (webtiles) character file.

Game seed: 10641656979512411148

805 GordonOverkill the Cleaver (level 7, 0/39 HPs)
             Began as a Vine Stalker Delver on Aug 10, 2023.
             Slain by an ogre
             ... wielding a +0 giant spiked club
              (16 damage)
             ... on level 4 of the Dungeon.
             The game lasted 00:08:29 (3031 turns).

GordonOverkill the Cleaver (Vine Stalker Delver)    Turns: 3031, Time: 00:08:30

Health: 0/39       AC: 12    Str: 15    XL:     7   Next: 91%
Magic:  0/8        EV: 10    Int:  9    God:
Gold:   187        SH:  0    Dex: 20    Spells: 6/6 levels left

rFire   . . .        t - +4 mace "Enutax" {drain, rElec}
rCold   . . .        (no shield)
rNeg    . . .        e - +0 scale mail
rPois   .            (helmet restricted)
rElec   +            (no cloak)
rCorr   .            b - +1 pair of gloves
SInv    +            (no boots)
Will    +....        (no amulet)
Stlth   ++           o - ring of see invisible
HPRegen 1.06/turn    q - +4 ring of protection
MPRegen 0.11/turn

%: guardian spirit
@: studying Axes
A: fangs 2, regeneration 1, magic shield, antimagic bite, no potion heal 2,
antennae 1, agile 1, strong-willed 1
a: no special abilities


You were on level 4 of the Dungeon.
You visited 1 branch of the dungeon, and saw 6 of its levels.

You collected 187 gold pieces.

Inventory:

Hand Weapons
 h - a +0 war axe
 t - the +4 mace "Enutax" (weapon) {drain, rElec}
   (You found it on level 4 of the Dungeon)

   rElec:     It insulates you from electricity.
Missiles
 f - 7 poisoned darts (quivered)
 r - a throwing net
Armour
 b - a +1 pair of gloves (worn)
 e - a +0 scale mail (worn)
Jewellery
 o - a ring of see invisible (left hand)
 p - a ring of fire
 q - a +4 ring of protection (right hand)
Wands
 g - a wand of digging (3)
Scrolls
 c - a scroll of fog
 d - 3 scrolls of revelation
 i - a scroll of blinking
 k - a scroll of identify {unknown}
 s - a scroll of butterflies {unknown}
 u - a scroll of fear
Potions
 a - a potion of might
 j - 3 potions of resistance
 l - 2 potions of curing
 m - a potion of mutation
 n - a potion of enlightenment {unknown}


   Skills:
 - Level 5.0 Fighting
 + Level 8.7(8.8) Axes
 - Level 1.7(5.7) Maces & Flails
 - Level 2.0 Throwing
 - Level 1.5 Dodging
 - Level 6.0 Stealth


You had 6 spell levels left.
You didn't know any spells.
Your spell library contained the following spells:

 Spells                   Type           Power      Damage    Failure   Level
 Apportation              Tloc           0%         N/A       86%         1
 Necrotise                Necr           0%         1d4       86%         1
 Summon Small Mammal      Summ           0%         N/A       86%         1
 Wereblood                Tmut           0%         N/A       95%         2
 Hailstorm                Conj/Ice       0%         3d3       99%         3
 Summon Ice Beast         Ice/Summ       0%         N/A       100%        4
 Alistair's Intoxication  Tmut/Pois      0%         N/A       100%        5
 Irradiate                Conj/Tmut      0%         3d11      100%        5
 Simulacrum               Ice/Necr       0%         N/A       100%        6


Dungeon Overview and Level Annotations

Branches:
Dungeon (6/15)
 Temple: D:4-7

Altars:
Makhleb
Okawaru
Zin

Shops:
D:1 =   D:3 (   D:5 ?

Annotations:
D:2 1 runed translucent door, Crazy Yiuf


Innate Abilities, Weirdness & Mutations

You have extremely sharp teeth.
Your natural rate of healing is unusually fast.
When hurt, damage is shared between your health and your magic reserves.
Your bite disrupts and absorbs the magic of your enemies.
Potions cannot restore your health.
You have a pair of small antennae on your head.
You are agile. (Dex +4, Str/Int -1)
You are strong-willed. (Will+)


Message History

The black bear claws you but does no damage. x2
The black bear bites you but does no damage.
The black bear misses you. The black bear closely misses you.
You hit the black bear.
You kill the black bear!
The black bear bites you.
* * * LOW HITPOINT WARNING * * *
The black bear barely misses you. The black bear claws you.
* * * LOW HITPOINT WARNING * * *
Your Axes skill increases to level 8!
You sock the black bear! You drain the black bear. You bite the black bear.
You kill the black bear!
Training target 5.0 for Fighting reached!
Your Fighting skill increases to level 5!
You see here a black bear corpse.
You start resting.
Magic restored.
You start resting.
HP restored.
You see here a black bear corpse.
a - a potion of might
d - 3 scrolls of revelation (gained 1)
u - a scroll of fear An ogre is nearby!
The ogre shouts!
You barely miss the ogre. The ogre barely misses you.
You hit the ogre.
The ogre is lightly wounded.
The ogre hits you with a +0 giant spiked club.
You barely miss the ogre. You bite the ogre, but do no damage.
The ogre is lightly wounded.
You hit the ogre.
The ogre is moderately wounded.
The ogre hits you with a +0 giant spiked club!!
Ouch! That really hurt!
* * * LOW HITPOINT WARNING * * *
You thump the ogre! You bite the ogre, but do no damage.
The ogre is severely wounded.
The ogre hits you with a +0 giant spiked club!!
You die...

..........).)....................
..........)........#..........###
...................#>.........#
............########............
............########..#####.....
........................ #....
........................ ...
.........................
...##....###....@O........
...##....# #...............
...##....# #............
#####....# #....##/...#. #....#
#....# ##### #....# ###### ######


You could see an ogre.

Vanquished Creatures
  Sigmund (D:2)
  2 black bears (D:4)
  An ogre (D:4)
  A phantom (D:4)
  Jessica (D:2)
  An iguana (D:4)
  Terence (D:3)
  An orc wizard (D:4)
  A scorpion zombie (D:2)
  8 adders
  A shadow imp (D:5)
  An ufetubus (D:5)
  2 worms
  3 dart slugs (D:1)
  4 orcs
  2 ball pythons
  A bat skeleton (D:2)
  A bat zombie (D:2)
  6 endoplasms
  4 giant cockroaches
  6 goblins
  7 hobgoblins
  4 jackals (D:3)
  8 kobolds
  6 quokkas
  A ball python zombie (D:2)
  5 bats
  2 frilled lizards
  A quokka skeleton (D:2)
  13 rats
96 creatures vanquished.

Notes
Turn   | Place    | Note
-------+----------+-------------------------------------------
     0 | D:5      | GordonOverkill the Vine Stalker Delver began the quest for
                  | the Orb.
     0 | D:5      | Reached XP level 1. HP: 11/11 MP: 2/2
     1 | D:6      | Noticed an iguana
    20 | D:6      | Noticed an orc warrior
    30 | D:5      | Found an iron altar of Okawaru.
    35 | D:5      | Reached skill level 1 in Axes
    41 | D:5      | Reached skill level 2 in Axes
    41 | D:5      | Reached XP level 2. HP: 15/16 MP: 3/3
    52 | D:5      | Reached skill level 3 in Axes
   117 | D:4      | Noticed a phantom
   141 | D:4      | Noticed an ogre
   162 | D:5      | Reached XP level 3. HP: 12/19 MP: 4/4
   189 | D:5      | Found Jucom's Magic Scroll Shop.
   202 | D:5      | Reached skill level 4 in Axes
   449 | D:3      | Gained mutation: Your natural rate of healing is unusually
                  | fast. [Vine Stalker growth]
   449 | D:3      | Reached XP level 4. HP: 18/23 MP: 3/5
   477 | D:3      | Noticed Terence
   525 | D:3      | Killed Terence
   526 | D:3      | Reached skill level 5 in Axes
   624 | D:3      | Found a burning altar of Makhleb.
   803 | D:2      | Found a runed translucent door.
   804 | D:2      | Noticed Crazy Yiuf
   862 | D:2      | Noticed Jessica
   868 | D:2      | Killed Jessica
   869 | D:2      | Reached skill level 1 in Throwing
   869 | D:2      | Reached XP level 5. HP: 26/28 MP: 4/6
   939 | D:1      | Found Vojy's Jewellery Shop.
  1622 | D:2      | Noticed Sigmund
  1836 | D:2      | Gained mutation: You are strong-willed. (Will+) [potion of
                  | mutation]
  1836 | D:2      | Gained mutation: You have a pair of small antennae on your
                  | head. [potion of mutation]
  1836 | D:2      | Gained mutation: You are agile. (Dex +4, Str/Int -1)
                  | [potion of mutation]
  1907 | D:2      | Reached skill level 6 in Axes
  1934 | D:2      | Killed Sigmund
  1935 | D:2      | Reached XP level 6. HP: 21/33 MP: 7/7
  2093 | D:2      | Reached skill level 7 in Axes
  2249 | D:3      | Noticed a blizzard demon
  2251 | D:3      | Found a glowing silver altar of Zin.
  2252 | D:3      | Noticed an angel
  2320 | D:3      | Found a faded altar of an unknown god.
  2395 | D:3      | Found Fuc Fixe's Weapon Emporium.
  2652 | D:4      | Reached XP level 7. HP: 35/37 MP: 6/8
  2828 | D:4      | Identified the +4 mace "Enutax" {drain, rElec}
  2954 | D:4      | Reached skill level 8 in Axes
  2955 | D:4      | Reached skill level 5 in Fighting
  3031 | D:4      | Slain by an ogre

Illustrated notes

Levels and vault maps discovered:
D:1:      ncdulo_wetmaze, layout_loops_ring, serial_shops,
          nicolae_shop_getting_attention
D:2:      layout_rooms, serial_undead, serial_undead_e, serial_undead_c,
          serial_undead_c, serial_undead_b, uniq_jessica, uniq_sigmund,
          uniq_crazy_yiuf_cottage
D:3:      layout_basic, grunt_temple_overflow_order_and_chaos_2,
          shapermc_ecumenical_altar_flowoftime, serial_shops, shop, uniq_terence
D:4:      layout_basic
D:5:      layout_basic, mainiacjoe_overflow_catwalk,
          minmay_temple_entry_offerings, serial_shops, nicolae_square_shop,
          uniq_edmund, uniq_prince_ribbit1
D:6:      layout_cave_pools, mainiacjoe_overflow_six_doors_small, serial_glass,
          glass_columns_a, glass_columns_b, nicolae_figureground_pulse,
          uniq_grinder

Skill      XL: |  1  2  3  4  5  6  7 |
---------------+----------------------+-----
Axes           | 2 3 4 5 6 7 8 |  8.7
Fighting       | 3 4 5 |  5.0
Throwing       | 1 2 |  2.0
Maces & Flails | |  1.7
Dodging        | |  1.5
Stealth        | |  6.0

Action                     |  1- 3 |  4- 6 |  7- 9 || total
---------------------------+-------+-------+-------++-------
  Melee: Mace              |    41 |   107 |    28 ||   176
         Bite              |     5 |    45 |     6 ||    56
         War axe           |       |    68 |    13 ||    81
         Punch             |       |     2 |     1 ||     3
  Throw: Dart              |       |     5 |       ||     5
    Use: Potion            |     1 |     6 |       ||     7
         Scroll            |     1 |     5 |       ||     6
   Stab: Sleeping          |     2 |     9 |       ||    11
         Distracted        |       |     1 |       ||     1
 Armour: Leather armour    |    17 |     2 |       ||    19
         Scale mail        |       |   101 |    28 ||   129
  Dodge: Dodged            |    36 |    78 |    32 ||   146

Table legend: (Time is in decaauts)
 A = Elapsed time spent in this place.
 B = Non-inter-level travel time spent in this place.
 C = Inter-level travel time spent in this place.
 D = Time resting spent in this place.
 E = Time spent auto-exploring this place.
 F = Levels seen in this place.
 G = Mean time per level.
                   A        B        C        D        E       F      G
               +--------+--------+--------+--------+--------+-----+--------+
         Total |   3066 |   2961 |    105 |    333 |   1564 |   6 |  511.0 |
       Dungeon |   3066 |   2961 |    105 |    333 |   1564 |   6 |  511.0 |
               +--------+--------+--------+--------+--------+-----+--------+

Top non-repeatable levels by time:
     D:1: 918 daAuts
     D:3: 828 daAuts
     D:2: 560 daAuts
     D:4: 517 daAuts
     D:5: 214 daAuts
     D:6: 27 daAuts
